 Dungeon Crawl Stone Soup version 0.23-a0-607-g760965b (webtiles) character file.

59969 MisterFreud the Brawler (level 14, -19/143 HPs)
             Began as a Troll Monk on Dec 20, 2018.
             Demolished by a slime creature (21 damage)
             ... on level 2 of the Pits of Slime.
             The game lasted 00:38:00 (15673 turns).

MisterFreud the Brawler (Troll Monk)               Turns: 15673, Time: 00:38:01

Health: -19/143    AC: -6    Str: 30    XL:     14   Next: 55%
Magic:  12/17      EV: 18    Int:  6    God:
Gold:   1449       SH:  3    Dex: 12    Spells: 13/13 levels left

rFire    . . .     SeeInvis .     - Unarmed
rCold    + . .     Gourm    +   (no shield)
rNeg     . . .     Faith    .   v - +0 troll leather armour {Purgy}
rPois    +         Spirit   .   (helmet restricted)
rElec    .         Reflect  +   T - +2 cloak {MR+}
rCorr    .         Harm     .   (gloves unavailable)
MR       ++...                  (boots unavailable)
Stlth    ++........             J - amulet "Heaz" {Reflect rC+ Str+4 SH+3}
HPRegen  1.13/turn              U - +2 ring of evasion
MPRegen  0.15/turn              O - ring of poison resistance

@: corroded
A: large, unfitting armour, claws 3, fast metabolism 3, gourmand, regeneration
1, shaggy fur 1, tough skin 2
a: no special abilities


You were on level 2 of the Pits of Slime.
You were not hungry.

You visited 4 branches of the dungeon, and saw 19 of its levels.
You also visited: Sewer.

You collected 1449 gold pieces.

Inventory:

Missiles
 f - 532 stones
 m - 5 steel javelins (quivered)
 p - 28 tomahawks
 F - 15 large rocks
 W - 4 poisoned javelins
Armour
 v - a +0 troll leather armour (worn) {Purgy}
 T - a +2 cloak of magic resistance (worn)
 Z - +0 ice dragon scales
Jewellery
 G - an uncursed ring of protection from magic
 I - the ring "Kineush" {rF+ Int+3 Dex-3 Stlth+}
   (You took it off an orc wizard on level 8 of the Dungeon)

   [ring of intelligence]

   It affects your intelligence (+3).
   It affects your dexterity (-3).
   It protects you from fire.
   It makes you more stealthy.
 J - the amulet "Heaz" (around neck) {Reflect rC+ Str+4 SH+3}
   (You found it on level 8 of the Dungeon)

   [amulet of reflection]

   It shields you and reflects attacks.
   It affects your strength (+4).
   It protects you from cold.
   It affects your SH (+3).
 K - the ring "Ablath" {Fire rN+ Dex+5}
   (You took it off an orc on level 8 of the Dungeon)

   [ring of fire]

   It enhances your fire magic.
   It affects your dexterity (+5).
   It protects you from fire.
   It makes you vulnerable to cold.
   It protects you from negative energy.
 L - the ring of Bosixo Wull {+Fly SInv}
   (You found it on level 8 of the Dungeon)

   [ring of flight]

   It lets you see invisible.
   It lets you fly.
 O - a ring of poison resistance (right claw)
 U - a +2 ring of evasion (left claw)
 V - an uncursed amulet of regeneration
Wands
 a - a wand of acid (17)
 l - a wand of random effects (17)
 q - a wand of scattershot (5)
 w - a wand of clouds (12)
 x - a wand of iceblast (10)
 E - a wand of digging (10)
 P - a wand of polymorph (17)
 Q - a wand of paralysis (12)
 S - a wand of flame (13)
Scrolls
 d - 5 scrolls of remove curse
 g - 10 scrolls of teleportation
 h - a scroll of immolation
 n - 5 scrolls of blinking
 r - 4 scrolls of fear
 t - 4 scrolls of enchant armour
 u - a scroll of magic mapping
 y - 4 scrolls of fog
 B - 5 scrolls of identify
 X - a scroll of random uselessness
Potions
 c - 4 potions of degeneration
 e - a potion of heal wounds
 i - 2 potions of berserk rage
 j - 4 potions of flight
 k - 9 potions of curing
 o - 2 potions of magic
 s - 2 potions of brilliance
 z - 2 potions of might
 A - a potion of resistance
 C - 2 potions of agility
 D - 2 potions of mutation
 H - 2 potions of haste
 M - a potion of ambrosia
Miscellaneous
 N - a fan of gales
 Y - a box of beasts
Comestibles
 b - 28 rations


   Skills:
 - Level 10.1 Fighting
 - Level 6.7 Throwing
 - Level 12.0 Dodging
 - Level 1.8 Stealth
 + Level 15.0 Unarmed Combat
 - Level 6.0 Evocations


You had 13 spell levels left.
You didn't know any spells.
Your spell library contained the following spells:

 Spells                   Type           Power        Failure   Level  Hunger
 Shock                    Conj/Air       #...         50%         1    ##.....
 Swiftness                Chrm/Air       #.......     63%         2    ###....
 Static Discharge         Conj/Air       #.......     86%         3    ####...
 Airstrike                Air            #.........   99%         4    #####..
 Summon Lightning Spire   Summ/Air       #.......     99%         4    #####..
 Lightning Bolt           Conj/Air       #.........   100%        5    ######.
 Silence                  Hex/Air        #.........   100%        5    ######.
 Conjure Ball Lightning   Conj/Air       #.........   100%        6    #######
 Deflect Missiles         Chrm/Air       #.........   100%        6    #######
 Tornado                  Air            #.........   100%        9    #######


Dungeon Overview and Level Annotations

Branches:
Dungeon (10/15)            Temple (1/1) D:6            Lair (6/6) D:8
 Shoals (0/4) Lair:2        Snake (0/4) Lair:2        Slime (2/5) Lair:6
    Orc (0/2) D:9

Altars:
Ashenzari
Cheibriados
Dithmenos
Elyvilon
Fedhas
Gozag
Hepliaklqana
Kikubaaqudgha
Makhleb
Nemelex Xobeh
Okawaru
Qazlal
Ru
Sif Muna
Trog
Uskayaw
Vehumet
Wu Jian
Xom
Yredelemnul
Zin
The Shining One

Shops:
D:5 [   D:8 }

Annotations:
D:7 3 runed doors, Ratty's ghost, novice DsNe
Lair:1 exclusion: oklob plant
Lair:3 2 transporters


Innate Abilities, Weirdness & Mutations

You are too large for most types of armour.
You have claws for hands.
Your metabolism is lightning-fast.
You like to eat raw meat.
Your natural rate of healing is unusually fast.
You are covered in fur. (AC +1)
You have very tough skin. (AC +2)


Message History

You destroy the death ooze!
Training target 10.0 for Fighting reached!
Your Fighting skill increases to level 10!
You need to enable at least one skill for training.
The slime creature barely misses you.
The slime creature hits you but does no damage.
The acid blob spits acid at you. The splash of acid hits you!
The acid corrodes you!
You are splashed with acid!
The acid burns!
The acid blob hits you!!
* * * LOW HITPOINT WARNING * * *
The acid corrodes you!
You are splashed with acid!
The acid burns!
* * * LOW HITPOINT WARNING * * *
There is a stone staircase leading up, spattered with blood here.
The acid blob hits you!
* * * LOW HITPOINT WARNING * * *
The acid corrodes you!
You are splashed with acid!
The acid burns!
* * * LOW HITPOINT WARNING * * *
The slime creature hits you!!
You die...

...##..#.####
...#......#.#
............
..........#
...#......#
..........#
.........## ##
......JJJ#...##
.....#J@......#
...G.#....#..##
.... ##..## ##
... #### ...


You could see an acid blob and 3 slime creatures.

Vanquished Creatures
  A death ooze (Slime:2)
  9 hydras
  An ice dragon (Lair:5)
  A centaur warrior (D:8)
  A two-headed ogre (D:9)
  4 death yaks
  Nergalle (D:10)
  Urug (Lair:3)
  3 oklob plants (Lair:6)
  A cyclops (D:8)
  9 elephants
  Maurice (D:10)
  2 merfolk sirens (Lair:2)
  Joseph (D:7)
  3 black mambas
  15 spiny frogs
  Psyche (D:9)
  5 rime drakes
  8 komodo dragons
  2 trolls
  2 polar bears
  Prince Ribbit (D:5)
  A slime creature (D:8)
  5 hornets
  14 blink frogs
  5 dream sheep (Lair:6)
  9 hippogriffs
  15 spriggans
  53 yaks
  5 basilisks
  9 wyverns
  3 hungry ghosts
  4 nagas (Lair:2)
  Menkaure (D:5)
  3 hell hounds (Lair:5)
  11 water moccasins
  Purgy (Sewer)
  12 porcupines
  2 phantoms
  2 orc warriors (D:8)
  2 necrophages
  An ice beast (D:8)
  A sky beast (D:8)
  8 black bears
  6 ogres
  4 boggarts (Lair:6)
  29 wolves
  9 crocodiles
  2 centaurs
  A big kobold (D:10)
  10 bullfrogs
  2 wyvern skeletons
  A water moccasin skeleton (D:8)
  6 killer bees
  3 scorpions
  9 wights
  2 howler monkeys (D:7)
  3 electric eels
  8 crimson imps
  A centaur zombie (D:6)
  9 hounds
  2 centaur skeletons
  4 orc priests
  6 iguanas
  4 jellies
  9 orc wizards
  A bullfrog skeleton (D:9)
  8 worker ants
  A killer bee zombie (D:5)
  A hound zombie (D:9)
  2 hound skeletons (D:8)
  A howler monkey zombie (D:8)
  A worker ant zombie (D:5)
  A howler monkey skeleton (D:8)
  9 adders
  6 shadow imps
  3 white imps (Lair:5)
  2 oozes
  3 adder skeletons
  An adder zombie (D:8)
  2 worms
  3 dart slugs
  10 leopard geckos
  35 orcs
  10 giant cockroaches
  12 goblins
  13 hobgoblins
  6 jackals
  11 kobolds
  A quokka (D:6)
  4 ball pythons
  6 bats
  6 frilled lizards
  2 quokka skeletons
  3 quokka zombies
  7 rats
541 creatures vanquished.

Vanquished Creatures (others)
  A dream sheep (Lair:6)
  10 fungi
  5 plants
16 creatures vanquished.

Grand Total: 557 creatures vanquished

Notes
Turn   | Place    | Note
-------+----------+-------------------------------------------
     0 | D:1      | MisterFreud the Troll Monk began the quest for the Orb.
     0 | D:1      | Reached XP level 1. HP: 22/22 MP: 0/0
   294 | D:1      | Reached XP level 2. HP: 29/29 MP: 1/1
   476 | D:1      | Reached XP level 3. HP: 36/36 MP: 2/2
  1595 | D:2      | Found a hazy altar of Hepliaklqana.
  1934 | D:3      | Reached XP level 4. HP: 44/44 MP: 3/3
  1956 | D:3      | Reached skill level 4 in Unarmed Combat
  2074 | D:3      | Found a snail-covered altar of Cheibriados.
  2189 | D:3      | Reached XP level 5. HP: 30/50 MP: 4/4
  2366 | D:3      | Found a shadowy altar of Dithmenos.
  2480 | D:3      | Found a stormy altar of Qazlal.
  2541 | D:4      | Reached skill level 5 in Unarmed Combat
  2684 | D:4      | Reached XP level 6. HP: 58/59 MP: 5/5
  2871 | D:4      | Reached skill level 6 in Unarmed Combat
  3113 | D:4      | Identified the +2 ring mail "Surchi" {+Inv rN+ Int-2}
  3189 | D:4      | Reached XP level 7. HP: 53/66 MP: 6/6
  3317 | D:5      | Entered Level 5 of the Dungeon
  3403 | D:5      | Reached skill level 7 in Unarmed Combat
  3463 | D:5      | Noticed Prince Ribbit
  3467 | D:5      | Noticed Menkaure
  3485 | D:5      | Killed Menkaure
  3485 | D:5      | Reached skill level 1 in Throwing
  3491 | D:5      | Killed Prince Ribbit
  3491 | D:5      | Reached skill level 8 in Unarmed Combat
  3491 | D:5      | Reached XP level 8. HP: 75/75 MP: 7/7
  3560 | D:5      | Found a glowing drain.
  3583 | Sewer    | Entered a sewer
  3641 | Sewer    | Noticed Purgy
  3647 | Sewer    | Killed Purgy
  3647 | Sewer    | Reached skill level 5 in Dodging
  3954 | D:5      | Found Samanuh's Armour Boutique.
  4283 | D:6      | Found a staircase to the Ecumenical Temple.
  4311 | Temple   | Entered the Ecumenical Temple
  4660 | D:6      | Found an ornate altar of the Wu Jian Council.
  5081 | D:7      | Found a runed gate.
  5081 | D:7      | Found a runed gate.
  5086 | D:7      | Found a runed gate.
  5086 | D:7      | Noticed Ratty's ghost (novice DsNe)
  5095 | D:7      | Noticed Joseph
  5115 | D:7      | Killed Joseph
  5115 | D:7      | Reached XP level 9. HP: 59/81 MP: 8/8
  5553 | D:8      | Found Eliwkew's Gadget Shop.
  5712 | D:8      | Reached skill level 5 in Fighting
  5720 | D:8      | Noticed a troll
  5846 | D:8      | Found a staircase to the Lair.
  5935 | D:8      | Found a snail-covered altar of Cheibriados.
  5965 | D:8      | Noticed a centaur warrior
  5975 | D:8      | Killed a centaur warrior
  5975 | D:8      | Reached XP level 10. HP: 72/98 MP: 8/11
  5980 | D:8      | Noticed a cyclops
  5986 | D:8      | Identified the ring "Kineush" {rF+ Int+3 Dex-3 Stlth+}
  5994 | D:8      | Killed a cyclops
  6009 | D:8      | Got a wavering silver amulet
  6012 | D:8      | Identified the ring "Ablath" {Fire rN+ Dex+5}
  6013 | D:8      | Identified the amulet "Heaz" {Reflect rC+ Str+4 SH+3} (You
                  | found it on level 8 of the Dungeon)
  6036 | D:8      | Got a twitching iron ring
  6038 | D:8      | Identified the ring of Bosixo Wull {+Fly SInv} (You found
                  | it on level 8 of the Dungeon)
  6462 | D:9      | Found a staircase to the Orcish Mines.
  6500 | D:9      | Reached skill level 5 in Throwing
  6620 | D:9      | Noticed a two-headed ogre
  6634 | D:9      | Killed a two-headed ogre
  6779 | D:9      | Noticed Psyche
  6783 | D:9      | Killed Psyche
  7190 | D:10     | Entered Level 10 of the Dungeon
  7199 | D:10     | Reached XP level 11. HP: 76/105 MP: 13/13
  7202 | D:10     | Reached skill level 9 in Unarmed Combat
  7468 | D:10     | Reached skill level 10 in Unarmed Combat
  7484 | D:10     | Noticed Nergalle
  7502 | D:10     | Killed Nergalle
  7648 | D:10     | Noticed Maurice
  7665 | D:10     | Killed Maurice
  8006 | D:10     | Reached skill level 11 in Unarmed Combat
  8167 | Lair:1   | Entered Level 1 of the Lair of Beasts
  8212 | Lair:3   | Noticed Urug
  8286 | Lair:3   | Killed Urug
  8379 | Lair:3   | Reached skill level 12 in Unarmed Combat
  8489 | Lair:3   | Reached skill level 5 in Evocations
  8598 | Lair:3   | Reached XP level 12. HP: 49/114 MP: 15/15
  8804 | Lair:3   | Noticed an eight-headed hydra
  8813 | Lair:3   | Killed a ten-headed hydra
  8978 | Lair:4   | Noticed an eight-headed hydra
  9117 | Lair:6   | Entered Level 6 of the Lair of Beasts
  9117 | Lair:6   | Noticed a four-headed hydra
  9131 | Lair:5   | Noticed a death yak
  9132 | Lair:5   | Noticed a death yak
  9155 | Lair:5   | Noticed a death yak
  9202 | Lair:4   | Killed an 11-headed hydra
  9244 | Lair:5   | Reached skill level 10 in Dodging
  9313 | Lair:5   | Noticed a death yak
  9345 | Lair:6   | Killed a death yak
  9356 | Lair:6   | Killed a death yak
  9511 | Lair:6   | Killed a death yak
  9540 | Lair:5   | Killed a death yak
  9694 | Lair:5   | Got a translucent mace
  9695 | Lair:5   | Identified the +7 mace of the Four Allies {protect, +Fly}
                  | (You found it on level 5 of the Lair of Beasts)
  9752 | Lair:5   | Noticed a seven-headed hydra
  9761 | Lair:5   | Noticed an eight-headed hydra
  9767 | Lair:5   | Killed an eight-headed hydra
  9770 | Lair:5   | Reached XP level 13. HP: 120/120 MP: 16/16
 10603 | Lair:6   | Reached skill level 13 in Unarmed Combat
 11064 | Lair:6   | Reached skill level 14 in Unarmed Combat
 11751 | Lair:6   | Reached skill level 15 in Unarmed Combat
 12030 | Lair:6   | Reached XP level 14. HP: 110/131 MP: 17/17
 12393 | Lair:4   | Found an opulent altar of Gozag.
 13101 | Lair:3   | Found a transporter.
 13417 | Lair:3   | Found a transporter.
 13959 | Lair:2   | Found a staircase to the Shoals.
 14192 | Lair:2   | Found a staircase to the Snake Pit.
 15519 | Lair:6   | Found a staircase to the Slime Pits.
 15530 | Lair:6   | HP: 6/141 [acid (17)]
 15651 | Slime:1  | Entered Level 1 of the Pits of Slime
 15663 | Slime:2  | Noticed an acid blob
 15669 | Slime:2  | Reached skill level 10 in Fighting
 15673 | Slime:2  | HP: 6/143 [acid blob (12)]
 15673 | Slime:2  | HP: 2/143 [acid (4)]
 15673 | Slime:2  | Demolished by a slime creature

Vault maps used:
D:1:      saegor_arrival_simple_a
D:2:      old_standard_altar, chequers_serial_rivers_micro_e
D:3:      marbit_many_paths, cheibriados_altar_1,
          grunt_dithmenos_smoke_and_mirrors
D:5:      portal_sewer_entry_f, first_ration, serial_shops, shop, uniq_menkaure,
          uniq_prince_ribbit1
D:6:      old_standard_altar, minmay_temple_entry_drinking_statues
D:7:      gammafunk_ghost_nasty_kobolds, uniq_joseph
D:8:      minmay_the_grid_triangle_9x9_recursive_2, erik_lair_island,
          basic_altar, serial_shops, shop
D:9:      minmay_inner_zag, uniq_psyche
D:10:     the_bakery, uniq_nergalle, uniq_maurice
Temple:   eino_narrow_crystal_temple
Lair:1:   beast_lair_carwin_11, minmay_lair_oklob_chamber, grunt_megastairs_1
Lair:2:   elwin_shoals_entry_rooms, guppyfry_snake_entry_garden, st_stairs_10,
          grunt_megastairs_4
Lair:3:   gammafunk_cloud_chamber, chequers_serial_rivers_large_a,
          beast_lair_carwin_5, uniq_urug
Lair:4:   basic_altar
Lair:5:   special_room, bobbens_ice_dragon_lair
Lair:6:   minmay_lair_end_enchanted_forest, minmay_slime_entry_oklob_enclosed
Slime:1:  nicolae_slime_barrier
Sewer:    sewer_co_purgy_island

Skill      XL: |  1  2  3  4  5  6  7  8  9 10 11 12 13 14 |
---------------+-------------------------------------------+-----
Dodging        | 3 4 7 8 11 12 | 12.0
Unarmed Combat | 4 5 6 8 12 15 | 15.0
Fighting       | 3 6 10 | 10.1
Throwing       | 1 6 |  6.7
Evocations     | 3 4 5 6 |  6.0
Stealth        | |  1.8

Action                   |  1- 3 |  4- 6 |  7- 9 | 10-12 | 13-15 || total
-------------------------+-------+-------+-------+-------+-------++-------
Melee: Unarmed           |   125 |   166 |   315 |   663 |   617 ||  1886
       Punch             |     1 |     2 |     9 |    50 |    54 ||   116
Throw: Javelin           |       |    10 |     5 |       |       ||    15
Evoke: Wand              |       |       |       |     5 |    12 ||    17
  Use: Scroll            |       |       |    10 |    14 |     3 ||    27
       Potion            |       |       |       |     1 |     2 ||     3
 Stab: Sleeping          |     2 |     1 |     3 |     1 |       ||     7
       Distracted        |       |       |     1 |       |     1 ||     2
       Paralysed         |       |       |       |     6 |     3 ||     9
  Eat: Chunk             |    23 |    11 |    25 |    50 |    49 ||   158
Armor: Robe              |    38 |    37 |    30 |       |       ||   105
       Troll leather arm |       |       |    76 |   125 |   113 ||   314
Dodge: Dodged            |    62 |    76 |   212 |   395 |   492 ||  1237
Block: Other             |       |       |       |    69 |    66 ||   135
       Reflection        |       |       |       |     1 |       ||     1

Table legend:
 A = Non-vault XP
 B = Vault XP
 C = Vault XP percentage of total XP
 D = Non-vault monster count
 E = Vault monster count
 F = Vault count percentage of total count
                 A         B        C        D         E       F
            +---------+---------+-------+---------+---------+-------
      Total |   55995 |   29675 |  34.6 |     403 |     138 |  25.5
            +---------+---------+-------+---------+---------+-------
        D:1 |      44 |       0 |   0.0 |      24 |       0 |   0.0
        D:2 |      50 |       0 |   0.0 |      22 |       0 |   0.0
        D:3 |     242 |       3 |   1.2 |      30 |       1 |   3.2
        D:4 |     574 |       0 |   0.0 |      31 |       0 |   0.0
        D:5 |     455 |     451 |  49.8 |      22 |       7 |  24.1
        D:6 |     296 |       0 |   0.0 |      15 |       0 |   0.0
        D:7 |     761 |     555 |  42.2 |      14 |       2 |  12.5
        D:8 |    1511 |    3090 |  67.2 |      31 |      19 |  38.0
        D:9 |    1140 |    1547 |  57.6 |      17 |       7 |  29.2
       D:10 |    3248 |    1517 |  31.8 |      33 |       3 |   8.3
     Lair:1 |    4537 |     425 |   8.6 |      19 |       3 |  13.6
     Lair:2 |    4530 |    2412 |  34.7 |      21 |       9 |  30.0
     Lair:3 |    9027 |    2398 |  21.0 |      35 |       8 |  18.6
     Lair:4 |    6804 |       0 |   0.0 |      24 |       0 |   0.0
     Lair:5 |    6120 |    7221 |  54.1 |      24 |      26 |  52.0
     Lair:6 |   15551 |    9881 |  38.9 |      40 |      45 |  52.9
    Slime:2 |    1105 |       0 |   0.0 |       1 |       0 |   0.0
      Sewer |       0 |     175 | 100.0 |       0 |       8 | 100.0
            +---------+---------+-------+---------+---------+-------
